AoeStats
← CaptainThomas

MegaRandom

503255729Analyzed
1v1 RM · 1mo ago on Aug 30, 2026· 82m 38s· 2 players
Game mode
Random Map
Map size
Tiny (2 player)
Population
200
Speed
Normal
Resources
Standard
Victory
Conquest
Starting age
Dark Age
Ending age
Imperial Age
RankedLock teamsTeams togetherTeam positionsShared explorationLock speedFull tech treeHidden civsTurbo modeCheats
Victory
Defeat
🇫🇷 Vikings · France
1676
+16
🇪🇸 Slavs · Spain
1677
-16
CaptainThomas
6:24 Loom
6:48 Loom
10:33 Feudal Age
17:39 Castle Age
16:00 Horse Collar
20:15 Fletching
23:19 Scale Mail Armor
25:45 Pikeman
27:43 Forging
27:39 Double-Bit Axe
28:32 Chain Mail Armor
30:42 Iron Casting
33:29 Squires
42:43 Imperial Age
41:55 Crossbowman
42:46 Bodkin Arrow
43:46 Bracer
45:00 Padded Archer Armor
47:07 Plate Mail Armor
48:44 Chemistry
48:30 Leather Archer Armor
48:45 Masonry
48:02 Arbalester
49:14 Heavy Plow
49:50 Bow Saw
50:45 Blast Furnace
50:16 Ring Archer Armor
50:04 Capped Ram
51:00 Chieftains
50:22 Man-at-Arms
51:27 Gambesons
51:04 Long Swordsman
52:32 Two-Handed Swordsman
55:31 Blast Furnace
54:49 Champion
57:25 Siege Ram
58:33 Town Watch
59:20 Architecture
59:11 Ballistics
59:39 Town Patrol
59:33 Onager
65:22 Conscription
78:52 Elite Berserk
82:33 Crop Rotation
j_r-91
7:43 Loom
11:20 Feudal Age
13:41 Double-Bit Axe
14:54 Horse Collar
19:15 Forging
22:02 Scale Barding Armor
24:11 Fletching
27:03 Castle Age
25:26 Bloodlines
26:14 Gold Mining
28:10 Chain Barding Armor
28:26 Iron Casting
28:35 Husbandry
31:15 Bodkin Arrow
32:50 Wheelbarrow
33:07 Gold Shaft Mining
38:00 Imperial Age
35:51 Hand Cart
35:46 Town Watch
36:35 Stone Mining
37:47 Bow Saw
37:46 Heavy Plow
39:07 Cavalier
42:07 Blast Furnace
42:52 Plate Barding Armor
44:22 Two-Man Saw
43:57 Crop Rotation
44:03 Padded Archer Armor
44:46 Conscription
44:51 Elite Skirmisher
47:01 Ballistics
48:01 Leather Archer Armor
48:09 Detinets
49:32 Ring Archer Armor
49:32 Ballistics
51:30 Chemistry
50:43 Masonry
50:43 Light Cavalry
56:10 Heavy Scorpion
57:45 Siege Engineers
58:33 Hussar
65:08 Onager
65:35 Onager
Connection lost

Rejoining the realm…

Still unreachable

The connection could not be restored.

Session expired

The server has moved on; the page needs a fresh start.